 Dungeon Crawl Stone Soup version 0.27-a0-906-g0a00ce863d (webtiles) character file.

Game seed: 12488999277991721170

70 Lanoc the Charlatan (level 4, -2/34 HPs)
             Began as a Barachi Artificer on Apr 7, 2021.
             Was a Follower of Makhleb.
             Slain by a shadow imp (3 damage)
             ... summoned by Natasha
             ... on level 2 of the Dungeon.
             The game lasted 00:02:08 (2339 turns).

Lanoc the Charlatan (Barachi Artificer)             Turns: 2339, Time: 00:02:08

Health: -2/34      AC:  3    Str: 14    XL:     4   Next: 22%
Magic:  13/13      EV: 12    Int: 11    God:    Makhleb [*.....]
Gold:   15         SH:  0    Dex: 13    Spells: 3/3 levels left

rFire    . . .     SeeInvis .   a - +2 hand axe (vorpal)
rCold    . . .     Faith    .   (no shield)
rNeg     . . .     Spirit   .   b - +0 leather armour
rPois    .         Reflect  .   (no helmet)
rElec    .         Harm     .   (no cloak)
rCorr    .         Rampage  .   (no gloves)
Will     .....                  (no boots)
Stlth    +.........             (no amulet)
HPRegen  0.11/turn              g - ring of magical power
MPRegen  0.13/turn              (no ring)

@: slowed, very slow
A: +LOS, amphibious, slowness 1, strong legs 1
a: Hop, Renounce Religion


You were on level 2 of the Dungeon.
You worshipped Makhleb.
Makhleb was aware of your devotion.
You visited 1 branch of the dungeon, and saw 2 of its levels.

You collected 15 gold pieces.

Inventory:

Hand Weapons
 a - a +2 vorpal hand axe (weapon)
Armour
 b - a +0 leather armour (worn)
Jewellery
 g - a ring of magical power (left hand)
Wands
 c - a wand of flame (15) (quivered)
 d - a wand of charming (15)
 e - a wand of random effects (15)
Scrolls
 f - a scroll of enchant armour {unknown}
 h - 2 scrolls of fog {unknown}


   Skills:
 + Level 2.3 Fighting
 + Level 3.2 Armour
 + Level 2.1 Dodging
 - Level 0.8 Stealth
 * Level 4.2 Evocations


You had 3 spell levels left.
You didn't know any spells.
Your spell library contained the following spells:

 Spells                   Type           Power      Damage    Failure   Level
 Confusing Touch          Hex            0%         N/A       78%         3
 Gell's Gravitas          Tloc           0%         N/A       78%         3
 Petrify                  Tmut/Erth      0%         N/A       99%         4
 Metabolic Englaciation   Hex/Ice        0%         N/A       100%        5
 Yara's Violent Unravell  Hex/Tmut       0%         3d3       100%        5


Dungeon Overview and Level Annotations

Branches:
Dungeon (2/15)

Altars:
Makhleb

Annotations:
D:2 Natasha


Innate Abilities, Weirdness & Mutations

You can be seen from farther away. (+LOS)
You are amphibious.
You cover ground slowly.
You can hop short distances.


Message History

Found 4 gold pieces.
A goblin is nearby!
The goblin shouts!
You hit the goblin.
You kill the goblin!
Makhleb accepts your kill.
No target in view!
No target in view!
You see here a +0 club.
You now have 15 gold pieces (gained 4).
Natasha, Servant of Life and Death comes into view.
She is carrying a wand of random effects (21).
Natasha hisses angrily.
Natasha casts a spell at you. The magic dart hits you.
Natasha is nearby!
Natasha mumbles some strange words.
The white imp gestures at you. The puff of frost hits you.
You hit Natasha but do no damage. Natasha casts a spell at you.
You feel yourself slow down. The white imp gestures at you.
The puff of frost hits you.
You barely miss Natasha. Natasha closely misses you.
The white imp gestures at you. The puff of frost misses you.
Natasha mumbles some strange words.
You hit Natasha.
Natasha is heavily wounded.
You closely miss the shadow imp. Natasha claws you.
The white imp gestures at you. The puff of frost hits you!
The shadow imp barely misses you.
Natasha mewls in sadness.
Natasha stares at you and mumbles some strange words.
You resist with some effort. The white imp gestures at you.
The puff of frost hits you!
* * * LOW HITPOINT WARNING * * *
The shadow imp hits you.
You die...

# #.#.########..###.#... #
#.#.# #..# # #. # #.#.#
#..# .#.#. # #.#.#
#..###.....
#####.#.########........#
.............)......##..#
#####.#.####..[.5.......
#####............h#..#.#.
..>.....#.......@........
#..............5.......#..
#.##..######.....##.......
..##..# #.....# ...##..
#.##..# #.....# ....#..
#.##..# #.....# .#.#
#.##..######.....# .#
..........####+#.# #
......##..... .##


You could see Natasha, a white imp (summoned) and a shadow imp (summoned).

Vanquished Creatures
  Natasha (D:2)
  A dart slug (D:1)
  6 bats
  5 endoplasms
  7 goblins
  3 hobgoblins
  6 kobolds (D:1)
  5 ball pythons
  3 frilled lizards (D:1)
  3 rats
40 creatures vanquished.

Notes
Turn   | Place    | Note
-------+----------+-------------------------------------------
     0 | D:1      | Lanoc the Barachi Artificer began the quest for the Orb.
     0 | D:1      | Reached XP level 1. HP: 15/15 MP: 1/1
   220 | D:1      | Reached XP level 2. HP: 12/21 MP: 2/2
   803 | D:1      | HP: 1/21 [kobold/+0 club (3)]
  1320 | D:1      | Reached XP level 3. HP: 27/27 MP: 3/3
  1373 | D:1      | Found a faded altar of an unknown god.
  1376 | D:1      | Became a worshipper of Makhleb the Destroyer
  1376 | D:1      | Reached * piety under Makhleb
  1869 | D:2      | Reached skill level 4 in Evocations
  1999 | D:2      | Noticed Natasha
  2004 | D:2      | Killed Natasha
  2005 | D:2      | Reached XP level 4. HP: 23/33 MP: 4/4
  2333 | D:2      | Noticed Natasha
  2339 | D:2      | HP: 1/34 [white imp/puff of frost[Natasha] (10)]
  2339 | D:2      | Slain by a shadow imp

Illustrated notes

Levels and vault maps discovered:
D:1:      dpeg_arrival_simpleton_c, layout_loops_corners,
          chequers_ecumenical_altar_grove, minmay_pentomino_w2
D:2:      layout_basic, uniq_natasha

Skill      XL: |  1  2  3 |
---------------+----------+-----
Fighting       | 2 |  2.3
Armour         | 3 |  3.2
Evocations     | 4 |  4.2
Dodging        | 2 |  2.1
Stealth        | |  0.8

Action                   |  1- 3 |  4- 6 || total
-------------------------+-------+-------++-------
Melee: Dagger            |    51 |       ||    51
       Club              |     7 |       ||     7
       Hand axe          |    56 |    11 ||    67
 Stab: Sleeping          |     1 |       ||     1
Armor: Leather armour    |    42 |     4 ||    46
Dodge: Dodged            |    74 |     6 ||    80

Table legend: (Time is in decaauts)
 A = Elapsed time spent in this place.
 B = Non-inter-level travel time spent in this place.
 C = Inter-level travel time spent in this place.
 D = Time resting spent in this place.
 E = Time spent auto-exploring this place.
 F = Levels seen in this place.
 G = Mean time per level.
                   A        B        C        D        E       F      G
               +--------+--------+--------+--------+--------+-----+--------+
         Total |   2560 |   2536 |     24 |      0 |   2200 |   2 | 1280.0 |
       Dungeon |   2560 |   2536 |     24 |      0 |   2200 |   2 | 1280.0 |
               +--------+--------+--------+--------+--------+-----+--------+

Top non-repeatable levels by time:
     D:1: 2012 daAuts
     D:2: 548 daAuts
